[ AOE2 MATCH · #506792248 ]
UnrankedBohemians vs Burgundians
Player's team · LOSS
[ REPLAY ANALYSIS · EXTRACTED FROM THE RECORDED GAME ]
Feudal
—
Castle
—
Imperial
—
| APM avg | 46.1 |
| APM peak | 100 |
| eAPM avg | 20.8 |
| Villagers / military | 150 / 54 |
Focus
⚔️ 19.9% · 🌾 80.1%
Spearman ×31 · Bombard Cannon ×12 · Monk ×5 · Archer ×3 · Skirmisher ×3
Feudal
—
Castle
—
Imperial
—
| APM avg | 32.1 |
| APM peak | 69 |
| eAPM avg | 16.2 |
| Villagers / military | 106 / 62 |
Focus
⚔️ 28.9% · 🌾 71.1%
Hand Cannoneer ×21 · Knight ×17 · Monk ×6 · Flemish Militia ×6 · Scout Cavalry ×4 · Bombard Cannon ×4
Match map
Initial resources + every placement click. Lines = walls · curves = elevation contours. ◆ gold · ⬟ stone · ● berries · ✦ relic · ◌ wall gap
Your base· ✓ Closed at 11:57 · 0t walls · 3 gate(s)
KillerPanda7624's base· ✓ Closed at 12:59 · 0t walls · 3 gate(s)
Smoothed initial terrain · ◌ = detected wall gap · hover for details
Inputs per minute
— ManyKitten76428 - - KillerPanda7624
Build order — ManyKitten76428
First 150 of 342 actions detected
| 0:01 | Queue | Villager (Male) |
| 0:01 | Queue | Villager (Male) |
| 0:01 | Queue | Villager (Male) |
| 0:01 | Queue | Villager (Male) |
| 0:01 | Queue | Villager (Male) |
| 0:01 | Queue | Villager (Male) |
| 0:02 | Queue | Villager (Male) |
| 0:02 | Queue | Villager (Male) |
| 0:02 | Queue | Villager (Male) |
| 0:02 | Queue | Villager (Male) |
| 0:02 | Queue | Villager (Male) |
| 0:03 | Build | House |
| 0:05 | Build | House |
| 1:21 | Queue | Villager (Male) |
| 1:21 | Queue | Villager (Male) |
| 1:48 | Build | Lumber Camp |
| 2:07 | Queue | Villager (Male) |
| 2:07 | Queue | Villager (Male) |
| 2:24 | Queue | Villager (Male) |
| 2:24 | Queue | Villager (Male) |
| 2:41 | Queue | Villager (Male) |
| 2:41 | Queue | Villager (Male) |
| 3:07 | Build | House |
| 3:08 | Build | House |
| 3:13 | Queue | Villager (Male) |
| 3:14 | Queue | Villager (Male) |
| 3:22 | Queue | Villager (Male) |
| 3:23 | Queue | Villager (Male) |
| 3:47 | Queue | Villager (Male) |
| 3:47 | Queue | Villager (Male) |
| 3:47 | Queue | Villager (Male) |
| 4:19 | Queue | Villager (Male) |
| 4:19 | Queue | Villager (Male) |
| 4:26 | Queue | Villager (Male) |
| 4:26 | Queue | Villager (Male) |
| 5:25 | Queue | Villager (Male) |
| 5:25 | Queue | Villager (Male) |
| 5:25 | Queue | Villager (Male) |
| 5:35 | Build | House |
| 5:37 | Build | House |
| 6:18 | Build | Mining Camp |
| 6:29 | Queue | Villager (Male) |
| 6:29 | Queue | Villager (Male) |
| 7:15 | Queue | Villager (Male) |
| 7:35 | Queue | Villager (Male) |
| 8:13 | Queue | Villager (Male) |
| 8:26 | Build | Mill |
| 8:30 | Research | Feudal Age |
| 10:18 | Build | Farm |
| 10:45 | Queue | Villager (Male) |
| 10:45 | Queue | Villager (Male) |
| 10:45 | Research | Loom |
| 11:00 | Build | Market |
| 11:06 | Build | Blacksmith |
| 11:45 | Build | House |
| 11:53 | Build | Barracks |
| 11:57 | Research | Castle Age |
| 12:20 | Queue | Villager (Male) |
| 13:01 | Queue | Spearman |
| 13:02 | Queue | Spearman |
| 13:50 | Queue | Villager (Male) |
| 13:51 | Research | Double-Bit Axe |
| 14:36 | Research | Horse Collar |
| 14:56 | Build | Monastery |
| 15:02 | Build | Town Center |
| 15:38 | Research | Heavy Plow |
| 15:41 | Queue | Monk |
| 15:41 | Queue | Monk |
| 15:55 | Build | Farm |
| 15:56 | Build | Farm |
| 15:58 | Queue | Villager (Male) |
| 16:05 | Build | Farm |
| 16:06 | Build | Farm |
| 16:33 | Build | Archery Range |
| 17:10 | Queue | Monk |
| 17:37 | Queue | Villager (Male) |
| 17:38 | Queue | Villager (Male) |
| 17:46 | Build | Farm |
| 17:48 | Build | Farm |
| 17:50 | Build | Farm |
| 17:58 | Queue | Monk |
| 18:19 | Queue | Archer |
| 18:19 | Queue | Archer |
| 18:19 | Queue | Archer |
| 18:28 | Queue | Villager (Male) |
| 18:31 | Build | Farm |
| 18:33 | Build | Farm |
| 18:34 | Build | Farm |
| 18:35 | Build | Farm |
| 18:40 | Build | Farm |
| 18:44 | Build | Farm |
| 18:48 | Build | Farm |
| 19:01 | Build | Farm |
| 19:05 | Research | Bow Saw |
| 19:25 | Build | Farm |
| 19:28 | Build | Farm |
| 19:32 | Build | Farm |
| 19:35 | Build | Farm |
| 19:36 | Queue | Villager (Male) |
| 19:36 | Queue | Villager (Male) |
| 19:37 | Queue | Villager (Male) |
| 19:37 | Queue | Villager (Male) |
| 19:51 | Queue | Spearman |
| 19:51 | Queue | Spearman |
| 21:17 | Queue | Villager (Male) |
| 21:18 | Queue | Villager (Male) |
| 21:18 | Queue | Villager (Male) |
| 21:18 | Queue | Villager (Male) |
| 21:18 | Queue | Villager (Male) |
| 21:40 | Research | Fervor |
| 21:43 | Queue | Villager (Male) |
| 21:43 | Queue | Villager (Male) |
| 22:37 | Queue | Villager (Male) |
| 22:37 | Queue | Villager (Male) |
| 22:37 | Queue | Villager (Male) |
| 22:39 | Build | House |
| 22:41 | Build | House |
| 22:42 | Build | House |
| 23:12 | Queue | Villager (Male) |
| 23:12 | Queue | Villager (Male) |
| 23:12 | Queue | Villager (Male) |
| 23:12 | Queue | Villager (Male) |
| 23:12 | Queue | Villager (Male) |
| 23:15 | Build | Farm |
| 23:16 | Build | Farm |
| 23:19 | Build | Farm |
| 23:21 | Queue | Villager (Male) |
| 23:21 | Queue | Villager (Male) |
| 23:21 | Queue | Villager (Male) |
| 23:28 | Build | Town Center |
| 23:34 | Queue | Villager (Male) |
| 23:34 | Queue | Villager (Male) |
| 23:34 | Queue | Villager (Male) |
| 23:35 | Queue | Villager (Male) |
| 23:38 | Queue | Villager (Male) |
| 23:38 | Queue | Villager (Male) |
| 23:38 | Queue | Villager (Male) |
| 24:00 | Research | Pikeman (upgrade) |
| 24:00 | Research | Squires |
| 24:13 | Build | Farm |
| 24:14 | Build | Farm |
| 24:17 | Build | Farm |
| 24:18 | Build | Farm |
| 24:28 | Build | Farm |
| 24:55 | Build | University |
| 24:59 | Queue | Villager (Male) |
| 24:59 | Queue | Villager (Male) |
| 24:59 | Queue | Villager (Male) |
| 24:59 | Queue | Villager (Male) |
| 25:19 | Queue | Villager (Male) |
Build order — KillerPanda7624
First 150 of 301 actions detected
| 0:02 | Queue | Villager (Male) |
| 0:02 | Queue | Villager (Male) |
| 0:04 | Build | House |
| 0:07 | Build | House |
| 0:10 | Queue | Villager (Male) |
| 0:16 | Queue | Villager (Male) |
| 1:22 | Queue | Villager (Male) |
| 1:52 | Queue | Villager (Male) |
| 2:05 | Build | Lumber Camp |
| 2:19 | Queue | Villager (Male) |
| 2:20 | Queue | Villager (Male) |
| 2:39 | Queue | Villager (Male) |
| 2:57 | Queue | Villager (Male) |
| 3:02 | Build | House |
| 3:04 | Build | House |
| 3:17 | Queue | Villager (Male) |
| 3:41 | Queue | Villager (Male) |
| 4:11 | Queue | Villager (Male) |
| 4:24 | Build | House |
| 4:50 | Research | Double-Bit Axe |
| 4:52 | Queue | Villager (Male) |
| 5:38 | Queue | Villager (Male) |
| 5:39 | Queue | Villager (Male) |
| 5:58 | Build | Mill |
| 6:09 | Build | Mill |
| 6:22 | Queue | Villager (Male) |
| 6:27 | Queue | Villager (Male) |
| 6:57 | Queue | Villager (Male) |
| 6:57 | Queue | Villager (Male) |
| 7:28 | Queue | Villager (Male) |
| 8:24 | Queue | Villager (Male) |
| 9:10 | Build | Mining Camp |
| 9:14 | Queue | Villager (Male) |
| 9:17 | Research | Feudal Age |
| 10:03 | Queue | Villager (Male) |
| 10:33 | Build | Barracks |
| 10:37 | Queue | Villager (Male) |
| 11:20 | Build | House |
| 11:59 | Build | Market |
| 12:07 | Build | Stable |
| 12:08 | Queue | Villager (Male) |
| 12:35 | Build | Lumber Camp |
| 12:59 | Research | Castle Age |
| 13:04 | Build | House |
| 13:09 | Build | Blacksmith |
| 13:18 | Build | Farm |
| 13:18 | Build | Farm |
| 13:19 | Build | Farm |
| 13:41 | Queue | Flemish Militia |
| 13:54 | Research | Horse Collar |
| 14:07 | Build | Farm |
| 14:07 | Build | Farm |
| 14:16 | Queue | Villager (Male) |
| 14:21 | Build | Farm |
| 14:31 | Queue | Flemish Militia |
| 14:52 | Queue | Flemish Militia |
| 15:02 | Queue | Scout Cavalry |
| 15:23 | Build | Farm |
| 15:23 | Build | Farm |
| 15:23 | Build | Farm |
| 15:23 | Build | Farm |
| 15:52 | Build | Town Center |
| 15:53 | Queue | Villager (Male) |
| 15:59 | Queue | Flemish Militia |
| 16:12 | Build | House |
| 16:28 | Queue | Villager (Male) |
| 16:34 | Build | Monastery |
| 16:35 | Queue | Villager (Male) |
| 17:00 | Queue | Villager (Male) |
| 17:16 | Queue | Villager (Male) |
| 17:25 | Build | Farm |
| 17:28 | Queue | Monk |
| 17:35 | Queue | Monk |
| 17:39 | Queue | Monk |
| 18:01 | Queue | Scout Cavalry |
| 18:16 | Queue | Villager (Male) |
| 18:16 | Queue | Villager (Male) |
| 18:21 | Build | Town Center |
| 18:25 | Queue | Monk |
| 18:37 | Queue | Villager (Male) |
| 18:45 | Build | Farm |
| 18:46 | Build | Farm |
| 18:47 | Build | Farm |
| 18:47 | Build | Farm |
| 18:47 | Build | Farm |
| 19:10 | Queue | Villager (Male) |
| 19:20 | Queue | Villager (Male) |
| 19:22 | Queue | Villager (Male) |
| 19:37 | Research | Bow Saw |
| 19:38 | Queue | Villager (Male) |
| 20:01 | Queue | Villager (Male) |
| 20:01 | Queue | Villager (Male) |
| 20:02 | Queue | Villager (Male) |
| 20:05 | Build | House |
| 20:06 | Queue | Villager (Male) |
| 20:28 | Queue | Scout Cavalry |
| 20:47 | Queue | Scout Cavalry |
| 21:10 | Queue | Villager (Male) |
| 21:10 | Queue | Villager (Male) |
| 21:45 | Queue | Villager (Male) |
| 21:45 | Queue | Villager (Male) |
| 22:15 | Queue | Villager (Male) |
| 22:15 | Queue | Villager (Male) |
| 22:16 | Queue | Villager (Male) |
| 22:18 | Build | Farm |
| 22:19 | Build | Farm |
| 22:19 | Build | Farm |
| 22:19 | Build | Farm |
| 22:19 | Build | Farm |
| 22:20 | Build | Farm |
| 22:20 | Build | Farm |
| 22:20 | Build | Farm |
| 22:20 | Build | Farm |
| 22:21 | Build | Farm |
| 22:35 | Queue | Villager (Male) |
| 22:56 | Queue | Villager (Male) |
| 23:00 | Build | House |
| 23:00 | Queue | Villager (Male) |
| 23:08 | Build | Farm |
| 23:08 | Build | Farm |
| 23:08 | Build | Farm |
| 23:09 | Build | Farm |
| 23:09 | Build | Farm |
| 23:09 | Build | Farm |
| 23:09 | Build | Farm |
| 23:10 | Build | Farm |
| 23:23 | Research | Sanctity |
| 23:24 | Research | Redemption |
| 23:25 | Queue | Villager (Male) |
| 23:28 | Build | House |
| 23:29 | Queue | Villager (Male) |
| 23:32 | Research | Heavy Plow |
| 23:34 | Queue | Villager (Male) |
| 23:41 | Queue | Villager (Male) |
| 23:47 | Queue | Villager (Male) |
| 23:53 | Queue | Villager (Male) |
| 23:57 | Queue | Flemish Militia |
| 23:57 | Queue | Flemish Militia |
| 24:00 | Build | House |
| 24:01 | Build | House |
| 24:03 | Build | House |
| 24:04 | Build | House |
| 24:09 | Build | House |
| 24:10 | Build | House |
| 24:11 | Build | House |
| 24:14 | Build | House |
| 24:15 | Build | House |
| 24:36 | Build | Mill |
| 25:04 | Build | University |
| 25:09 | Queue | Villager (Male) |
Match timeline
| 10:33 | KillerPanda7624 · first_building Barracks |
| 11:53 | ManyKitten76428 · first_building Barracks |
| 12:07 | KillerPanda7624 · first_building Stable |
| 14:56 | ManyKitten76428 · first_building Monastery |
| 16:33 | ManyKitten76428 · first_building Archery Range |
| 16:34 | KillerPanda7624 · first_building Monastery |
| 19:33 | KillerPanda7624 · first_market_buy 100 food |
| 28:06 | ManyKitten76428 · wall_segment Palisade Wall x1 |
| 28:07 | ManyKitten76428 · wall_segment Palisade Wall x1 |
| 28:10 | ManyKitten76428 · wall_segment Palisade Wall x1 |
| 28:13 | ManyKitten76428 · wall_segment Palisade Wall x1 |
| 29:31 | KillerPanda7624 · first_market_sell 100 food |
| 29:37 | KillerPanda7624 · first_building Castle |
| 30:15 | ManyKitten76428 · first_building Siege Workshop |
| 31:05 | KillerPanda7624 · first_building Siege Workshop |
| 31:33 | ManyKitten76428 · first_building Castle |
| 33:29 | KillerPanda7624 · first_building Archery Range |
| 39:13 | ManyKitten76428 · resign |
[ AI ANALYSIS · 1 CREDIT ]
What really happened in this match?
Wolo.gg analyzes every decision: build order, eco, micro, common mistakes by bracket. Personalized analysis on WhatsApp or Discord in 30 seconds.
Civ guide
Bohemians
Perfil
Jugador #15948060